 Dungeon Sprint DCSS version 0.31.0-32-g396128a36d (webtiles) character file.

Game seed: 2078801724895752225

41 Heoruswealwe the Poker (level 3, -20/36 HPs)
             Began as a Minotaur Fighter on Mar 8, 2024.
             Demolished by an ogre
             ... wielding a +0 giant spiked club
              (24 damage)
             ... in the Dungeon (Sprint IX: "|||||||||||||||||||||||||||||").
             The game lasted 00:00:55 (46 turns).

Heoruswealwe the Poker (Minotaur Fighter)             Turns: 46, Time: 00:00:55

Health: -20/36     AC:  7    Str: 22    XL:     3   Next: 32%
Magic:  2/2        EV:  9    Int:  5    God:
Gold:   0          SH:  4    Dex:  9    Spells: 2/2 levels left

rFire   . . .        a - +0 trident
rCold   . . .        d - +0 buckler
rNeg    . . .        c - +0 scale mail
rPois   .            (helmet restricted)
rElec   .            (no cloak)
rCorr   .            (no gloves)
SInv    .            (no boots)
Will    .....        (no amulet) Stlth
                     (no ring)
HPRegen 0.26/turn    (no ring)
MPRegen 0.08/turn

%: no teleportation
@: on fire, glowing
A: horns 2, retaliatory headbutt
a: no special abilities


You were in the Dungeon.
You visited 1 branch

Inventory:

Hand Weapons
 a - a +0 trident (weapon)
Armour
 c - a +0 scale mail (worn)
 d - a +0 buckler (worn)
Scrolls
 j - a scroll of blinking
Potions
 b - a potion of might
 e - a potion of curing
 g - a potion of haste
 h - 2 potions of magic
 i - a potion of berserk rage


   Skills:
 + Level 5.3 Fighting
 * Level 6.1 Polearms
 + Level 5.3 Armour
 - Level 3.6 Shields


You had 2 spell levels left.
You didn't know any spells.
Your spell library was empty.

Dungeon Overview and Level Annotations

Branches:
Dungeon (1/1)

Altars:


Innate Abilities, Weirdness & Mutations

You have a pair of horns on your head.
You reflexively headbutt those who attack you in melee.


Message History

You feel much better. The liquid fire burns you!
You barely miss the bombardier beetle.
Your headbutt misses the bombardier beetle.
The bombardier beetle is severely wounded.
The liquid fire burns you!
The bombardier beetle sprays incendiary fluid at you.
The burning spray hits you.
You are even more covered in liquid fire!
You hit the bombardier beetle. You headbutt the bombardier beetle.
The bombardier beetle is almost dead.
The liquid fire burns you!
The bombardier beetle barely misses you.
You furiously retaliate!
You headbutt the bombardier beetle.
You kill the bombardier beetle!
Your Fighting skill increases to level 5!
Your Polearms skill gained 2 levels and is now at level 6!
Your Armour skill increases to level 5!
You have reached level 2!
You have reached level 3!
Your experience leads to an increase in your attributes!
Increase (S)trength, (I)ntelligence, or (D)exterity?
You feel stronger. x2
Reach: a) +0 trident
Press: ? - help, Dir - move target, f - ogre
Aim: an ogre, wielding a +0 giant spiked club (about 26% to evade your +0 trident)
You reach to attack!
You puncture the ogre!
The ogre is moderately wounded.
The liquid fire burns you!
* * * LOW HITPOINT WARNING * * *
Reach: a) +0 trident
Press: ? - help, Dir - move target, f/p - ogre
Aim: an ogre, wielding a +0 giant spiked club (moderately wounded, about 26% to evade your +0 trident)
You hit the ogre.
The ogre is moderately wounded.
The liquid fire burns you!
* * * LOW HITPOINT WARNING * * *
The ogre hits you with a +0 giant spiked club!!
Ouch! That really hurt!
You die...

▓.▓
▓.▓
▓.▓
▓)▓
▓.▓
▓.▓
▓.▓
▓.▓
▓@▓
▓O▓
▓.▓
▓B▓
▓o▓
▓.▓
▓.▓
▓+▓


You could see an ogre, a bombardier beetle and an orc.

Vanquished Creatures
  A bombardier beetle (D)
  A ribbon worm (D)
  A giant cockroach (D)
  A kobold (D)
  A bat (D)
  A frilled lizard (D)
  A rat (D)
7 creatures vanquished.

Notes
Turn   | Place    | Note
-------+----------+-------------------------------------------
     0 | D        | Heoruswealwe the Minotaur Fighter began the quest for the
                  | Orb.
     0 | D        | Reached XP level 1. HP: 19/19 MP: 0/0
     5 | D        | Reached skill level 3 in Polearms
    29 | D        | Noticed a bombardier beetle
    29 | D        | Noticed a bombardier beetle
    29 | D        | Noticed an ogre
    35 | D        | Reached skill level 4 in Polearms
    44 | D        | Killed a bombardier beetle
    45 | D        | Reached skill level 5 in Fighting
    45 | D        | Reached skill level 6 in Polearms
    45 | D        | Reached skill level 5 in Armour
    45 | D        | Reached XP level 2. HP: 10/29 MP: 1/1
    45 | D        | Reached XP level 3. HP: 13/36 MP: 2/2
    46 | D        | Demolished by an ogre

Illustrated notes

Levels and vault maps discovered:
D:        linesprint [early_d, line_temple, items_1, d_10, items_2, lair_1,
          lair_end, items_3, orc_1, orc_end, items_4, d_15, swamp_1, shoals_1,
          snake_1, spider_1, d_20, vaults_1, items_5, swamp_end, shoals_end,
          snake_end, spider_end, vaults_end, d_27, items_6, zot_1, zot_end,
          crypt_end, forest_end, elf_end, slime_end, tomb_end, abyss_end,
          pan_hell_end]

Skill      XL: |  1 |
---------------+----+-----
Polearms       | 6 |  6.1
Fighting       | 5 |  5.3
Armour         | 5 |  5.3
Shields        | |  3.6

Action                     || total
---------------------------++-------
  Melee: Trident           ||    28
         Headbutt          ||     3
    Use: Potion            ||     1
 Armour: Scale mail        ||    12
  Dodge: Dodged            ||     7
  Block: Buckler           ||     5
